Map: Ruby Rock LE

Players

herO - Winner!

  • Race: Protoss Protoss

Solar

  • Race: Zerg Zerg

VOD

Have the link to the VOD?

Description

Time

  • Played on: Jan. 17, 2026, 10:14 p.m.
  • Length: 10:02
Show
View Real Time Build Order
Export as new Build Order

herO Protoss - Winner!

Build Orders: 1 Gate Expand, Oracle Opening 

Get SALT Encoding   

  12  0:00  Probe  
  13  0:12  Probe  
  14  0:19  Pylon  
  14  0:24  Probe  
  15  0:33  Probe  
  15  0:41  Probe  
  16  0:44  Gateway  
  17  0:51  Assimilator, Probe  
  18  1:03  Probe  
  19  1:15  Probe  
  20  1:25  Nexus  
  20  1:35  Cybernetics Core  
  20  1:38  Probe  
  21  1:43  Assimilator  
  21  1:50  Probe  
  21  1:54  Pylon  
  22  2:00  Probe  
  23  2:09  Probe  
  23  2:12  Adept  
  26  2:17  Probe  
  26  2:22  Stargate  
  27  2:25  Probe  
  27  2:29  Warp Gate  
  28  2:33  Probe x2  
  28  2:41  Probe  
  28  2:42  Adept  
  28  2:43  Probe  
  34  2:51  Probe  
  34  2:55  Probe  
  36  3:01  Void Ray  
  36  3:03  Probe  
  41  3:07  Probe  
  41  3:12  Adept  
  44  3:13  Pylon  
  44  3:17  Probe  
  45  3:25  Gateway  
  45  3:28  Probe, Oracle  
  45  3:31  Probe  
  50  3:50  Nexus  
  50  3:52  Pylon  
  50  3:54  Probe x2  
  52  3:59  Twilight Council  
  52  4:06  Gateway  
  52  4:07  Resonating Glaives  
  52  4:10  Gateway  
  52  4:12  Probe x2  
  54  4:17  Assimilator  
  54  4:22  Adept  
  54  4:23  Assimilator  
  56  4:25  Adept  
  56  4:29  Probe x2  
  56  4:33  Pylon  
  56  4:41  Probe x2  
  58  4:56  Adept x2  
  58  4:57  Probe x2  
  64  5:00  Oracle  
  64  5:03  Adept  
  64  5:06  Shield Battery  
  66  5:07  Pylon  
  66  5:08  Adept  
  71  5:14  Shield Battery  
  71  5:18  Adept x2  
  75  5:24  Adept  
  77  5:30  Shield Battery, Pylon  
  77  5:35  Adept  
  76  5:36  Probe x3  
  76  5:38  Forge  
  76  5:39  Adept  
  76  5:40  Adept  
  83  5:48  Probe x3  
  86  5:59  Adept x3  
  86  6:00  Adept  
  86  6:03  Probe  
  95  6:05  Pylon  
  95  6:06  Probe x2  
  93  6:13  Protoss Ground Weapons Level 1  
  84  6:24  Probe x3  
  78  6:31  Void Ray  
  76  6:37  Adept x4  
  76  6:38  Probe x3  
  85  6:46  Shield Battery  
  81  6:48  Photon Cannon  
  81  6:50  Probe x3  
  84  6:57  Oracle  
  84  6:59  Stargate  
  84  7:02  Probe x3  
  87  7:09  Adept x3  
  87  7:13  Adept  
  98  7:19  Probe x3  
  98  7:20  Pylon  
  101  7:29  Oracle  
  101  7:35  Pylon x2  
  104  7:37  Photon Cannon  
  104  7:39  Shield Battery  
  104  7:44  Adept x4  
  104  7:48  Oracle  
  104  7:50  Shield Battery  
  98  7:59  Probe x3  
  90  8:09  Adept x4  
  90  8:10  Oracle  
  90  8:11  Probe x3  
  80  8:21  Oracle  
  80  8:25  Probe x3  
  65  8:37  Probe x2  
  65  8:39  Oracle  
  70  8:58  Oracle  
  69  9:09  Probe x2  
  74  9:10  Probe  
  75  9:21  Probe x2  
  75  9:22  Probe  
  78  9:33  Probe  
  78  9:34  Probe, Adept x2  
  84  9:43  Probe  
  85  9:45  Probe  
  85  9:46  Probe  
Show
View Real Time Build Order
Export as new Build Order

Solar Zerg 

Build Orders: Hatch First 

Get SALT Encoding   

  12  0:00  Drone  
  13  0:08  Drone  
  13  0:14  Extractor, Drone  
  15  0:21  Overlord  
  15  0:41  Drone  
  16  0:43  Drone  
  16  0:49  Hatchery  
  16  0:52  Drone  
  17  0:58  Drone  
  18  1:06  Extractor  
  17  1:13  Spawning Pool  
  17  1:15  Drone  
  17  1:19  Drone  
  18  1:26  Drone  
  19  1:37  Drone  
  20  1:48  Overlord  
  20  1:59  Queen  
  20  2:01  Queen  
  22  2:02  Zergling x2  
  22  2:04  Zergling x2  
  26  2:10  Drone  
  26  2:12  Drone  
  28  2:16  Metabolic Boost  
  28  2:23  Drone x2  
  30  2:37  Hatchery  
  29  2:39  Drone  
  30  2:46  Queen  
  32  2:51  Overlord  
  32  2:55  Drone  
  32  2:56  Drone  
  35  2:58  Drone  
  35  3:01  Drone  
  35  3:11  Spore Crawler  
  33  3:13  Drone x4  
  33  3:15  Zergling x4  
  40  3:21  Overlord  
  40  3:25  Spore Crawler  
  39  3:29  Queen  
  39  3:31  Spore Crawler, Drone  
  39  3:33  Drone  
  43  3:36  Overlord  
  43  3:41  Drone x3  
  46  3:48  Queen  
  44  3:54  Zergling x2  
  44  3:55  Zergling x4  
  49  3:56  Zergling x2  
  49  3:59  Drone  
  51  4:03  Overlord  
  51  4:06  Queen  
  53  4:10  Drone  
  53  4:13  Overlord  
  54  4:19  Drone  
  54  4:20  Drone  
  54  4:23  Drone  
  54  4:24  Drone x4  
  57  4:35  Zergling x8, Spore Crawler  
  60  4:40  Overlord  
  60  4:43  Zergling x6  
  62  4:51  Zergling x10  
  65  4:55  Overlord  
  64  5:01  Zergling x6  
  64  5:03  Queen  
  64  5:04  Overlord  
  69  5:07  Zergling x2  
  66  5:14  Zergling x6  
  66  5:16  Drone  
  66  5:17  Roach Warren, Drone  
  68  5:22  Drone  
  68  5:24  Drone x2  
  68  5:26  Drone x3  
  68  5:27  Extractor  
  72  5:30  Drone  
  73  5:42  Overlord  
  73  5:46  Zergling x6  
  73  5:47  Extractor  
  75  5:54  Overlord  
  75  5:56  Roach x6  
  87  5:59  Overlord  
  87  6:02  Roach x2  
  91  6:08  Roach x3  
  92  6:13  Zergling x6  
  91  6:19  Roach  
  91  6:23  Zergling x10  
  89  6:30  Roach  
  86  6:40  Zergling x2  
  86  6:41  Zergling x2  
  86  6:42  Zergling x2  
  86  6:46  Spore Crawler  
  88  6:49  Zergling x4  
  90  6:59  Ravager, Zergling x6  
  94  7:02  Overlord  
  94  7:06  Ravager  
  96  7:08  Zergling x4  
  97  7:17  Zergling x6  
  100  7:25  Zergling x4  
  102  7:34  Zergling x14  
  102  7:36  Zergling x6, Ravager  
  102  7:37  Ravager x2  
  113  7:43  Queen x2  
  115  7:46  Zergling x4  
  115  7:49  Overlord  
  113  7:55  Ravager  
  113  7:56  Zergling x6  
  110  8:02  Zergling x6  
  110  8:05  Zergling x4  
  106  8:08  Ravager  
  106  8:10  Zergling x2  
  106  8:11  Zergling x4  
  97  8:15  Zergling x4  
  97  8:19  Zergling x4  
  95  8:22  Zergling x2  
  95  8:23  Zergling x2  
  95  8:24  Zergling x2  
  77  8:28  Zergling x4  
  77  8:34  Roach x2  
  63  8:36  Roach  
  65  8:43  Roach x2  
  65  8:44  Roach  
  65  8:47  Queen  
  71  8:57  Roach x3  
  71  9:02  Queen  
  73  9:04  Ravager x2  
  73  9:05  Ravager  
  73  9:09  Roach x2  
  76  9:13  Roach x2  
  80  9:18  Queen  
  82  9:25  Ravager  
  82  9:26  Zergling x8  
  86  9:31  Zergling x2  
  86  9:32  Zergling x4  
Tags
 
Add a new tag
Caveats
  • Supply blocks, unpowered buildings, or Contaminate may cause inaccurate times.
  • Supply counts are checked every 10 seconds.